 Dungeon Crawl Stone Soup version 0.22.1-1-ga44c0e56f4 (webtiles) character file.

1352 Pocketmage the Blocker (level 8, -2/71 HPs)
             Began as a Minotaur Fighter on Sept 24, 2018.
             Was an Initiate of Trog.
             Slain by a worker ant (5 damage)
             ... on level 6 of the Dungeon.
             The game lasted 00:32:35 (5370 turns).

Pocketmage the Blocker (Minotaur Fighter)           Turns: 5370, Time: 00:32:36

Health: -2/71      AC: 13    Str: 23    XL:     8   Next: 36%
Magic:  7/7        EV:  5    Int:  5    God:    Trog [......]
Gold:   300        SH: 11    Dex: 10    Spells: 7/7 levels left

rFire    . . .     SeeInvis .   a - +1 long sword
rCold    . . .     Gourm    .   c - +0 shield
rNeg     . . .     Faith    .   s - +0 plate armour
rPois    .         Spirit   .   (helmet restricted)
rElec    .         Reflect  .   (no cloak)
rCorr    .         Harm     .   (no gloves)
MR       .....                  (no boots)
Stlth    ..........             (no amulet)
HPRegen  0.21/turn              (no ring)
MPRegen  0.10/turn              (no ring)

@: no status effects
A: retaliatory headbutt, horns 2
a: Renounce Religion


You were on level 6 of the Dungeon.
You worshipped Trog.
Trog was noncommittal.
You were not hungry.

You visited 2 branches of the dungeon, and saw 7 of its levels.

You collected 300 gold pieces.

Inventory:

Hand Weapons
 a - a +1 long sword (weapon)
 i - a +0 hunting sling
Missiles
 x - 39 sling bullets
Armour
 b - a +1 scale mail
 c - a +0 shield (worn)
 s - a +0 plate armour (worn)
Jewellery
 y - a cursed ring of protection from fire {unknown}
Wands
 t - a wand of paralysis (17)
Scrolls
 d - a scroll of blinking
 g - 3 scrolls of remove curse {unknown}
 h - 8 scrolls of identify
 l - a scroll of random uselessness {unknown}
 m - a scroll of fear {unknown}
 p - 3 scrolls of enchant weapon
Potions
 j - a potion of resistance {unknown}
 k - 2 potions of ambrosia {unknown}
 n - 2 potions of curing {unknown}
 o - 2 potions of haste {unknown}
 q - a potion of invisibility {unknown}
 r - 2 potions of degeneration {unknown}
 u - a potion of berserk rage {unknown}
 v - a potion of flight {unknown}
 w - a potion of magic {unknown}
Comestibles
 f - 9 rations
 A - 5 chunks of flesh


   Skills:
 + Level 6.7 Fighting
 + Level 6.0 Long Blades
 + Level 6.6 Armour
 * Level 8.4 Shields


You had 7 spell levels left.
You didn't know any spells.
Your spell library was empty.

Dungeon Overview and Level Annotations

Branches:
Dungeon (6/15)             Temple (1/1) D:5

Altars:
Ashenzari
Cheibriados
Dithmenos
Fedhas
Gozag
Hepliaklqana
Kikubaaqudgha
Makhleb
Nemelex Xobeh
Okawaru
Qazlal
Ru
Sif Muna
Trog
Uskayaw
Vehumet
Wu Jian
Xom
Yredelemnul
Zin
The Shining One


Innate Abilities, Weirdness & Mutations

You reflexively headbutt those who attack you in melee.
You have a pair of horns on your head.


Message History

* * * LOW HITPOINT WARNING * * *
As you read the scroll of teleportation, it crumbles to dust.
You feel strangely unstable. You block the gnoll sergeant's attack.
The orc warrior hits you with a falchion!
* * * LOW HITPOINT WARNING * * *
You block the orc warrior's attack.
Your surroundings suddenly seem different.
An orc comes into view. It is wielding a club.
The orc shouts!
An orc comes into view. It is wielding a club.
The orc shouts!
You hear a shout! x2
A scorpion comes into view.
An orc comes into view.
An orc warrior comes into view. It is wielding a hand axe.
A worker ant comes into view.
You block the scorpion's attack.
Found a scroll of enchant armour.
The worker ant bites you.
* * * LOW HITPOINT WARNING * * *
The worker ant bites you.
You die...

#...............
#..............?...
#..................
#......o...........
#......oo..........
#.................?
#.......o..........
#.........a........
#.........s@.......
#..................
###################


You could see an orc warrior, a scorpion, a worker ant and 3 orcs.

Vanquished Creatures
  Eustachio (D:6)
  An ice beast (D:4)
  A phantom (D:5)
  An orc warrior (D:6)
  An ogre (D:5)
  A bullfrog (D:6)
  3 scorpions (D:4)
  A howler monkey (D:6)
  A crimson imp (D:5)
  2 hounds
  A jelly (D:5)
  2 orc wizards (D:4)
  2 orc priests
  A bullfrog skeleton (D:5)
  Jessica (D:3)
  An iguana (D:5)
  3 worker ants
  6 adders
  4 gnolls (D:5)
  A shadow imp (D:5)
  An ooze (D:3)
  5 worms
  4 dart slugs
  4 leopard geckos
  12 orcs
  A ball python (D:3)
  10 bats
  5 giant cockroaches
  9 goblins
  7 hobgoblins
  5 jackals
  11 kobolds
  4 frilled lizards
  A quokka zombie (D:5)
  4 rats
118 creatures vanquished.

Notes
Turn   | Place    | Note
-------+----------+-------------------------------------------
     0 | D:1      | Pocketmage the Minotaur Fighter began the quest for the
                  | Orb.
     0 | D:1      | Reached XP level 1. HP: 19/19 MP: 0/0
   149 | D:1      | Reached XP level 2. HP: 27/27 MP: 1/1
   608 | D:1      | Reached skill level 4 in Shields
   887 | D:1      | Reached XP level 3. HP: 33/33 MP: 2/2
  1734 | D:2      | Reached XP level 4. HP: 36/41 MP: 3/3
  2234 | D:3      | Reached skill level 5 in Shields
  2234 | D:3      | Reached XP level 5. HP: 37/47 MP: 4/4
  2490 | D:3      | Found a faded altar of an unknown god.
  2626 | D:3      | Noticed Jessica
  2638 | D:3      | Killed Jessica
  2992 | D:4      | Reached skill level 5 in Fighting
  2992 | D:4      | Reached XP level 6. HP: 56/56 MP: 5/5
  3101 | D:4      | Reached skill level 5 in Armour
  3293 | D:4      | Reached skill level 6 in Shields
  3675 | D:4      | Noticed an ice beast
  3684 | D:4      | Killed an ice beast
  3950 | D:4      | Reached XP level 7. HP: 52/61 MP: 6/6
  4067 | D:5      | Entered Level 5 of the Dungeon
  4444 | D:5      | Reached skill level 5 in Long Blades
  4444 | D:5      | Reached skill level 7 in Shields
  4911 | D:5      | Found a staircase to the Ecumenical Temple.
  4918 | Temple   | Entered the Ecumenical Temple
  4993 | Temple   | Became a worshipper of Trog the Wrathful
  5292 | D:6      | Reached XP level 8. HP: 66/71 MP: 7/7
  5301 | D:6      | Reached skill level 8 in Shields
  5323 | D:6      | Noticed Eustachio
  5333 | D:6      | Killed Eustachio
  5369 | D:6      | HP: 3/71 [worker ant (4)]
  5370 | D:6      | Slain by a worker ant

Skill      XL: |  1  2  3  4  5  6  7  8 |
---------------+-------------------------+-----
Fighting       | 4 5 6 |  6.7
Armour         | 4 5 6 |  6.6
Shields        | 4 5 6 7 8 |  8.4
Long Blades    | 3 4 5 6 |  6.0

Action                   |  1- 3 |  4- 6 |  7- 9 || total
-------------------------+-------+-------+-------++-------
Melee: Long sword        |   107 |   144 |   127 ||   378
       Headbutt          |     8 |    26 |    21 ||    55
  Use: Scroll            |       |     7 |     1 ||     8
       Potion            |       |     2 |     1 ||     3
  Eat: Chunk             |     3 |     5 |     3 ||    11
       Ration            |       |       |     1 ||     1
Armor: Scale mail        |    55 |    28 |       ||    83
       Plate armour      |       |    30 |    54 ||    84
Dodge: Dodged            |    34 |    32 |    23 ||    89
Block: Shield            |    58 |    79 |    80 ||   217
       Rpst.: Long sword |    11 |     8 |     8 ||    27
